ACL
ACL TAMPA BAY RAYS @ ACL DETROIT TIGERS
06/01/2042
 
TOP OF THE 1ST
ACL Tampa Bay Rays batting - Pitching for ACL Detroit Tigers : RHP Joe Dye
Pitching: RHP Joe Dye
Batting: LHB Marc González 0-0: Called Strike
0-1: Ball
1-1: DOUBLE (Line Drive, 9LM, EV 96.9 MPH)
Batting: RHB Rodrigo Garza 0-0: Foul Ball, location: 9LDF
0-1: Called Strike
0-2: Strikes out swinging
Batting: LHB Dave Robbins 0-0: Swinging Strike
0-1: Ball
1-1: Ball
Marc González steals 3rd base
2-1: Ball
3-1: Base on Balls
Batting: RHB Shawn Shepard 0-0: Ball
1-0: Ball
2-0: Ball
3-0: Called Strike
3-1: Called Strike
3-2: Foul Ball, location: 9LDF
3-2: Foul Ball, location: 3DF
3-2: Foul Ball, location: 9LSF
3-2: Base on Balls
Dave Robbins to second
Batting: RHB Kevin Curry 0-0: Ball
1-0: Ball
2-0: Called Strike
2-1: Ball
3-1: Base on Balls
Marc González scores
Dave Robbins to third
Shawn Shepard to second
Batting: SHB Héctor Montoya 0-0: Ball
1-0: Ball
2-0: Ball
3-0: Base on Balls
Dave Robbins scores
Shawn Shepard to third
Kevin Curry to second
Batting: RHB Dan Frank 0-0: Ball
1-0: Ball
2-0: Swinging Strike
2-1: Called Strike
2-2: Grounds into double play, 6-4-3 (Groundball, 6, EV 87.5 MPH)
Top of the 1st over - 2 runs, 1 hit, 0 errors, 2 left on base; ACL Tampa Bay 2 - ACL Detroit 0
BOTTOM OF THE 1ST
ACL Detroit Tigers batting - Pitching for ACL Tampa Bay Rays : RHP Gertjan Kop
Pitching: RHP Gertjan Kop
Batting: SHB Steve Wolf 0-0: Fly out, F8 (Flyball, 89M, EV 81.9 MPH)
Batting: RHB Tony Knowles 0-0: Ball
1-0: Called Strike
1-1: Swinging Strike
1-2: Strikes out swinging
Batting: RHB Curt Gordon 0-0: Fly out, F8 (Flyball, 8LM, EV 93.1 MPH)
Bottom of the 1st over - 0 runs, 0 hits, 0 errors, 0 left on base; ACL Tampa Bay 2 - ACL Detroit 0
TOP OF THE 2ND
ACL Tampa Bay Rays batting - Pitching for ACL Detroit Tigers : RHP Joe Dye
Batting: RHB Dave Arrington 0-0: Called Strike
0-1: Ball
1-1: Foul Ball, location: 2F
1-2: Ball
2-2: Foul Ball, location: 9LMF
2-2: Foul Ball, location: 5FF
2-2: Foul Ball, location: 3F
2-2: Foul Ball, location: 23F
2-2: Foul Ball, location: 2F
2-2: Ball
3-2: TRIPLE (Line Drive, 89XD, EV 99.4 MPH)
Batting: RHB Jim Unknown 0-0: Ball
1-0: Called Strike
1-1: Foul Ball, location: 2LF
1-2: Ball
2-2: Ball
3-2: Foul Ball, location: 2F
3-2: Strikes out swinging
Batting: LHB Marc González 0-0: Foul Ball, location: 3F
0-1: Ball
1-1: Fly out, F8 (Flyball, 8RXD, EV 100.6 MPH)
Runner from 3rd tags up, SCORES, no throw by CF
Batting: RHB Rodrigo Garza 0-0: Ball
1-0: Ball
2-0: Ball
3-0: Called Strike
3-1: Base on Balls
Batting: LHB Dave Robbins 0-0: Ball
1-0: Ball
2-0: Called Strike
2-1: Ball
3-1: Called Strike
3-2: Foul Ball, location: 3F
3-2: Foul Ball, location: 5FF
3-2: Foul Ball, location: 2F
3-2: Foul Ball, location: 2F
3-2: Base on Balls
Rodrigo Garza to second
Batting: RHB Shawn Shepard 0-0: Ball
1-0: Ball
2-0: Ball
3-0: Base on Balls
Rodrigo Garza to third
Dave Robbins to second
Batting: RHB Kevin Curry 0-0: Fly out, F8 (Line Drive, 8RXD, EV 107.5 MPH)
Top of the 2nd over - 1 run, 1 hit, 0 errors, 3 left on base; ACL Tampa Bay 3 - ACL Detroit 0
BOTTOM OF THE 2ND
ACL Detroit Tigers batting - Pitching for ACL Tampa Bay Rays : RHP Gertjan Kop
Batting: LHB Jesús Cavazos 0-0: Called Strike
0-1: SINGLE (Groundball, 4, EV 85.0 MPH) (infield hit)
Batting: RHB Jeff Jackson 0-0: Ball
1-0: Ball
2-0: Called Strike
2-1: Foul Ball, location: 2F
2-2: Ball
3-2: Grounds into double play, 5-4-3 (Groundball, 56S, EV 80.0 MPH)
Batting: RHB Ron Phillips 0-0: Foul Ball, location: 3DF
0-1: Ball
1-1: Ball
2-1: Swinging Strike
2-2: Strikes out swinging
Bottom of the 2nd over - 0 runs, 1 hit, 0 errors, 0 left on base; ACL Tampa Bay 3 - ACL Detroit 0
TOP OF THE 3RD
ACL Tampa Bay Rays batting - Pitching for ACL Detroit Tigers : RHP Joe Dye
Batting: SHB Héctor Montoya 0-0: Called Strike
0-1: Hit by Pitch
Batting: RHB Dan Frank 0-0: Bunted foul
0-1: Called Strike
Pickoff Throw to First - Out! 1-3 CS
0-2: Ball
1-2: Foul Ball, location: 5FF
1-2: Foul Ball, location: 25F
1-2: Ball
2-2: Foul Ball, location: 9LDF
2-2: Ball
3-2: Strikes out swinging
Batting: RHB Dave Arrington 0-0: Called Strike
0-1: Foul Ball, location: 2F
0-2: SINGLE (Groundball, 6, EV 83.1 MPH)
Pitching: LHP Curt Thomas
Batting: RHB Jim Unknown 0-0: Swinging Strike
0-1: Fielders Choice at 2nd, 6-4 (Groundball, 6, EV 86.3 MPH)
Top of the 3rd over - 0 runs, 1 hit, 0 errors, 1 left on base; ACL Tampa Bay 3 - ACL Detroit 0
BOTTOM OF THE 3RD
ACL Detroit Tigers batting - Pitching for ACL Tampa Bay Rays : RHP Gertjan Kop
Batting: RHB Colt Lyon 0-0: Ball
1-0: Reached on error, E6 (Groundball, 6M, EV 109.4 MPH)
Batting: RHB Dominic Pittman 0-0: Called Strike
0-1: Ball
1-1: Swinging Strike
1-2: Ground out 4-3 (Groundball, 34, EV 60.6 MPH)
Colt Lyon to second
Batting: RHB Jim Unknown 0-0: Swinging Strike
0-1: Ball
1-1: Swinging Strike
1-2: Strikes out looking
Batting: SHB Steve Wolf 0-0: Fly out, F7 (Flyball, 7D, EV 94.4 MPH)
Bottom of the 3rd over - 0 runs, 0 hits, 1 error, 1 left on base; ACL Tampa Bay 3 - ACL Detroit 0
TOP OF THE 4TH
ACL Tampa Bay Rays batting - Pitching for ACL Detroit Tigers : LHP Curt Thomas
Batting: LHB Marc González 0-0: Called Strike
0-1: Foul Ball, location: 7LDF
0-2: Foul Ball, location: 3FF
0-2: Strikes out looking
Batting: RHB Rodrigo Garza 0-0: Ball
1-0: Ball
2-0: Ball
3-0: Called Strike
3-1: Base on Balls
Batting: LHB Dave Robbins 0-0: Ball
Rodrigo Garza steals 2nd base
1-0: SINGLE (Groundball, 34D, EV 106.3 MPH)
Rodrigo Garza to third
Batting: RHB Shawn Shepard 0-0: Ball
1-0: DOUBLE (Line Drive, 78D, EV 110.0 MPH)
Rodrigo Garza scores
Dave Robbins to third
Batting: RHB Kevin Curry 0-0: Ball
1-0: Ball
2-0: 3-RUN HOME RUN (Flyball, 7D, EV 95.6 MPH), Distance : 372 ft
Pitching: RHP Phil Lutz
Batting: SHB Héctor Montoya 0-0: Ball
1-0: Called Strike
1-1: Ball
2-1: Foul Ball, location: 7LDF
2-2: Foul Ball, location: 7LMF
2-2: Foul Ball, location: 7LMF
2-2: Hit by Pitch, AND HE CHARGES THE MOUND! The benches clear!
Pitching: RHP Chris Trent
Pinch Runner at 1st Charlie Chappell:
Batting: RHB Dan Frank 0-0: Ball
1-0: Called Strike
1-1: Called Strike
1-2: DOUBLE (Line Drive, 9LD, EV 98.8 MPH)
Charlie Chappell to third
Runner from 3rd tries for Home, SAFE, no throw by RF
Batting: RHB Dave Arrington 0-0: Ball
1-0: Foul Ball, location: 3DF
1-1: Foul Ball, location: 2F
1-2: Foul Ball, location: 23FF
1-2: Ball
2-2: Ball
3-2: Fly out, F8 (Flyball, 8LM, EV 90.0 MPH)
Batting: RHB Jim Unknown 0-0: Ball
1-0: Fly out, F5 (Line Drive, 5, EV 63.8 MPH)
Top of the 4th over - 5 runs, 4 hits, 0 errors, 1 left on base; ACL Tampa Bay 8 - ACL Detroit 0
BOTTOM OF THE 4TH
ACL Detroit Tigers batting - Pitching for ACL Tampa Bay Rays : RHP Gertjan Kop
Now in RF: Charlie Chappell
Batting: RHB Tony Knowles 0-0: Ball
1-0: Called Strike
1-1: Called Strike
1-2: Foul Ball, location: 2F
1-2: DOUBLE (Line Drive, 9LM, EV 106.3 MPH)
Batting: RHB Curt Gordon 0-0: SINGLE (Line Drive, 9S, EV 93.8 MPH)
Tony Knowles to third
Batting: LHB Jesús Cavazos 0-0: Called Strike
0-1: Called Strike
0-2: Strikes out swinging
Batting: RHB Jeff Jackson 0-0: Called Strike
Curt Gordon steals 2nd base
0-1: Called Strike
0-2: Ball
1-2: Foul Ball, location: 25F
1-2: Strikes out swinging
Batting: RHB Ron Phillips 0-0: Ball
1-0: Foul Ball, location: 2F
1-1: 3-RUN HOME RUN (Line Drive, 7D, EV 93.8 MPH), Distance : 349 ft
Batting: RHB Colt Lyon 0-0: Ball
1-0: Ball
2-0: Ball
3-0: Called Strike
3-1: Fly out, F9 (Flyball, 89XD, EV 110.0 MPH)
Bottom of the 4th over - 3 runs, 3 hits, 0 errors, 0 left on base; ACL Tampa Bay 8 - ACL Detroit 3
TOP OF THE 5TH
ACL Tampa Bay Rays batting - Pitching for ACL Detroit Tigers : RHP Chris Trent
Batting: LHB Marc González 0-0: Ball
1-0: Called Strike
1-1: Foul Ball, location: 7LSF
1-2: Hit by Pitch
Batting: RHB Rodrigo Garza 0-0: Ball
1-0: Ball
Marc González steals 2nd base (no throw)
2-0: Called Strike
2-1: Ball
3-1: Foul Ball, location: 2F
3-2: Strikes out swinging
Batting: LHB Dave Robbins 0-0: Ball
1-0: Ball
2-0: Ball
3-0: Called Strike
3-1: Foul Ball, location: 2F
3-2: Ground out 4-3 (Groundball, 4, EV 86.3 MPH)
Marc González to third
Batting: RHB Shawn Shepard 0-0: Called Strike
0-1: Ball
1-1: Swinging Strike
1-2: Ball
2-2: Foul Ball, location: 3F
2-2: 2-RUN HOME RUN (Flyball, 9LD, EV 95.0 MPH), Distance : 350 ft
Batting: RHB Kevin Curry 0-0: Ball
1-0: Fly out, F8 (Flyball, 8RD, EV 105.0 MPH)
Top of the 5th over - 2 runs, 1 hit, 0 errors, 0 left on base; ACL Tampa Bay 10 - ACL Detroit 3
BOTTOM OF THE 5TH
ACL Detroit Tigers batting - Pitching for ACL Tampa Bay Rays : RHP Gertjan Kop
Batting: RHB Dominic Pittman 0-0: Called Strike
0-1: Ball
1-1: Ball
2-1: Ball
3-1: Swinging Strike
3-2: Strikes out swinging
Batting: RHB Jim Unknown 0-0: Ball
1-0: Called Strike
1-1: Ball
2-1: Swinging Strike
2-2: Ball
3-2: Strikes out swinging
Batting: SHB Steve Wolf 0-0: Ball
1-0: Called Strike
1-1: Swinging Strike
1-2: Ball
2-2: Foul Ball, location: 2F
2-2: Ground out 4-3 (Groundball, 4, EV 91.9 MPH)
Bottom of the 5th over - 0 runs, 0 hits, 0 errors, 0 left on base; ACL Tampa Bay 10 - ACL Detroit 3
TOP OF THE 6TH
ACL Tampa Bay Rays batting - Pitching for ACL Detroit Tigers : RHP Chris Trent
Batting: LHB Charlie Chappell 0-0: Called Strike
0-1: Ball
1-1: Swinging Strike
1-2: SOLO HOME RUN (Flyball, 9D, EV 96.3 MPH), Distance : 377 ft
Batting: RHB Dan Frank 0-0: Ball
1-0: Foul Ball, location: 2F
1-1: Ball
2-1: DOUBLE (Flyball, 8LXD, EV 107.5 MPH)
Batting: RHB Dave Arrington 0-0: Swinging Strike
0-1: Swinging Strike
0-2: Strikes out swinging
Batting: RHB Jim Unknown 0-0: Ground out 6-3 (Groundball, 6, EV 106.9 MPH)
Dan Frank to third
Batting: LHB Marc González 0-0: Foul Ball, location: 2F
0-1: Ball
1-1: Swinging Strike
1-2: Ball
2-2: Ball
3-2: Base on Balls
Batting: RHB Rodrigo Garza 0-0: Called Strike
0-1: Ball
1-1: Called Strike
1-2: Ball
2-2: Foul Ball, location: 7LMF
2-2: Hit by Pitch
Marc González to second
Batting: LHB Dave Robbins 0-0: Called Strike
0-1: Swinging Strike
0-2: Fly out, F4 (Popup, 4S, EV 75.0 MPH)
Top of the 6th over - 1 run, 2 hits, 0 errors, 3 left on base; ACL Tampa Bay 11 - ACL Detroit 3
BOTTOM OF THE 6TH
ACL Detroit Tigers batting - Pitching for ACL Tampa Bay Rays : RHP Gertjan Kop
Batting: RHB Tony Knowles 0-0: Foul Ball, location: 9LDF
0-1: Ball
1-1: Called Strike
1-2: Foul Ball, location: 2F
1-2: Ball
2-2: Strikes out swinging
Batting: RHB Curt Gordon 0-0: Ball
1-0: Ball
2-0: Ball
3-0: Swinging Strike
3-1: Base on Balls
Pitching: RHP Mike Pitts
Batting: LHB Jesús Cavazos 0-0: 2-RUN HOME RUN (Flyball, 7D, EV 96.3 MPH), Distance : 365 ft
Batting: RHB Jeff Jackson 0-0: Foul Ball, location: 7LMFF
0-1: Swinging Strike
0-2: Ball
1-2: Ball
2-2: Ball
3-2: Strikes out swinging
Batting: RHB Ron Phillips 0-0: Ball
1-0: Ball
2-0: Foul Ball, location: 3SF
2-1: Swinging Strike
2-2: Strikes out swinging
Bottom of the 6th over - 2 runs, 1 hit, 0 errors, 0 left on base; ACL Tampa Bay 11 - ACL Detroit 5
TOP OF THE 7TH
ACL Tampa Bay Rays batting - Pitching for ACL Detroit Tigers : RHP Chris Trent
Pitching: RHP Ric Marshall
Batting: RHB Shawn Shepard 0-0: Ball
1-0: Called Strike
1-1: Foul Ball, location: 2F
1-2: Strikes out looking
Batting: RHB Kevin Curry 0-0: Ball
1-0: Ball
2-0: Ball
3-0: Base on Balls
Batting: LHB Charlie Chappell 0-0: Swinging Strike
0-1: Ball
1-1: Called Strike
1-2: Foul Ball, location: 7LDF
1-2: Foul Ball, location: 5SF
1-2: Strikes out swinging
Batting: RHB Dan Frank 0-0: Ball
1-0: Ball
2-0: Ball
3-0: Hit by Pitch
Kevin Curry to second
Batting: RHB Dave Arrington 0-0: Ball
1-0: Ball
2-0: Ball
3-0: Base on Balls
Kevin Curry to third
Dan Frank to second
Batting: RHB Jim Unknown 0-0: Ball
1-0: DOUBLE (Line Drive, 9LM, EV 108.1 MPH)
Kevin Curry scores
Dan Frank scores
Dave Arrington to third
Runner from 3rd tries for Home, SAFE, throw by RF to trailing runner, SAFE at third!
Batting: LHB Marc González 0-0: Ball
1-0: Ball
2-0: Fly out, F9 (Flyball, 89M, EV 83.1 MPH)
Top of the 7th over - 3 runs, 1 hit, 0 errors, 1 left on base; ACL Tampa Bay 14 - ACL Detroit 5
BOTTOM OF THE 7TH
ACL Detroit Tigers batting - Pitching for ACL Tampa Bay Rays : RHP Mike Pitts
Batting: RHB Colt Lyon 0-0: Ball
1-0: Foul Ball, location: 9LMF
1-1: Foul Ball, location: 9LMF
1-2: Ball
2-2: Ground out 5-3 (Groundball, 56, EV 108.8 MPH)
Batting: RHB Dominic Pittman 0-0: Ball
1-0: Called Strike
1-1: Ground out 6-3 (Groundball, 6S, EV 81.3 MPH)
Batting: RHB Jim Unknown 0-0: Ball
1-0: Fly out, F9 (Flyball, 9S, EV 87.5 MPH)
Bottom of the 7th over - 0 runs, 0 hits, 0 errors, 0 left on base; ACL Tampa Bay 14 - ACL Detroit 5
TOP OF THE 8TH
ACL Tampa Bay Rays batting - Pitching for ACL Detroit Tigers : RHP Ric Marshall
Batting: RHB Rodrigo Garza 0-0: Called Strike
0-1: Ball
1-1: Foul Ball, location: 3SF
1-2: Strikes out looking
Batting: LHB Dave Robbins 0-0: Called Strike
0-1: Called Strike
0-2: Ball
1-2: Ball
2-2: Strikes out swinging
Batting: RHB Shawn Shepard 0-0: Ball
1-0: Ball
2-0: Foul Ball, location: 2F
2-1: Ball
3-1: Foul Ball, location: 2F
3-2: Strikes out swinging
Top of the 8th over - 0 runs, 0 hits, 0 errors, 0 left on base; ACL Tampa Bay 14 - ACL Detroit 5
BOTTOM OF THE 8TH
ACL Detroit Tigers batting - Pitching for ACL Tampa Bay Rays : RHP Mike Pitts
Batting: SHB Steve Wolf 0-0: Swinging Strike
0-1: Ball
1-1: Ball
2-1: Fly out, F4 (Popup, 4M, EV 70.0 MPH)
Pinch Hitting: SHB Pete Campbell 0-0: Called Strike
0-1: Called Strike
0-2: Ball
1-2: Ball
2-2: Strikes out swinging
Batting: RHB Curt Gordon 0-0: Ball
1-0: Hit by Pitch
Batting: LHB Jesús Cavazos 0-0: 2-RUN HOME RUN (Line Drive, 7D, EV 96.9 MPH), Distance : 363 ft
Batting: RHB Jeff Jackson 0-0: Called Strike
0-1: Ball
1-1: Ball
2-1: Foul Ball, location: 2F
2-2: Foul Ball, location: 2F
2-2: Ball
3-2: Strikes out swinging
Bottom of the 8th over - 2 runs, 1 hit, 0 errors, 0 left on base; ACL Tampa Bay 14 - ACL Detroit 7
TOP OF THE 9TH
ACL Tampa Bay Rays batting - Pitching for ACL Detroit Tigers : RHP Ric Marshall
Pitching: RHP Walt Bailey
Now at 1B: Brad Bradshaw
Batting: RHB Kevin Curry 0-0: Called Strike
0-1: Ball
1-1: Foul Ball, location: 2F
1-2: Foul Ball, location: 23F
1-2: Foul Ball, location: 2F
1-2: Ball
2-2: Ball
3-2: Base on Balls
Batting: LHB Charlie Chappell 0-0: Foul Ball, location: 7LMF
0-1: Grounds into double play, 4-6-3 (Groundball, 4M, EV 87.5 MPH)
Batting: RHB Dan Frank 0-0: Ground out 4-3 (Groundball, 4, EV 81.9 MPH)
Top of the 9th over - 0 runs, 0 hits, 0 errors, 0 left on base; ACL Tampa Bay 14 - ACL Detroit 7
BOTTOM OF THE 9TH
ACL Detroit Tigers batting - Pitching for ACL Tampa Bay Rays : RHP Mike Pitts
Batting: RHB Ron Phillips 0-0: Ball
1-0: Ball
2-0: Foul Ball, location: 2LF
2-1: Foul Ball, location: 9LDF
2-2: Ball
3-2: Strikes out swinging
Pinch Hitting: LHB Randy Alford 0-0: Called Strike
0-1: Ball
1-1: Foul Ball, location: 2F
1-2: SOLO HOME RUN (Flyball, 7LD, EV 93.8 MPH), Distance : 348 ft
Pitching: RHP Mike Tuttle
Pinch Hitting: RHB Ron Boyd 0-0: Ball
1-0: Foul Ball, location: 2F
1-1: Swinging Strike
1-2: Strikes out swinging
Pinch Hitting: SHB José Gómez 0-0: Foul Ball, location: 7LMF
0-1: Swinging Strike
0-2: Ball
1-2: Foul Ball, location: 7LMF
1-2: Strikes out swinging
Bottom of the 9th over - 1 run, 1 hit, 0 errors, 0 left on base; ACL Tampa Bay 14 - ACL Detroit 8
Monday, April 29th , 2024 - OOTP Baseball 24.10 Build 82